 Dungeon Crawl Stone Soup version 0.27-a0-1591-gc56fcc985a (webtiles) character file.

Game seed: 9158199536680971094

77591 Froggeryz the Severer (level 16, -9/125 HPs)
             Began as a Human Berserker on July 19, 2021.
             Was the Champion of Trog.
             Mangled by an orc knight (42 damage)
             ... on level 2 of the Orcish Mines.
             The game lasted 00:29:47 (20018 turns).

Froggeryz the Severer (Human Berserker)            Turns: 20018, Time: 00:29:47

Health: -9/125     AC: 18    Str: 32    XL:     16   Next: 5%
Magic:  25/25      EV: 11    Int:  8    God:    Trog [******]
Gold:   2458       SH:  7    Dex: 14    Spells: 15/15 levels left

rFire    + + .     SeeInvis +   M - +8 broad axe of the Dwarven Hall {vorpal, Fly rF+ Str+3 Int-3 Stlth+}
rCold    . . .     Faith    .   z - +0 buckler of the Untouchables {Rampage rPois Regen+}
rNeg     . . .     Spirit   .   Y - +3 scale mail of Zomupn {rElec rF+ Int+3}
rPois    +         Reflect  .   N - +2 helmet
rElec    +         Harm     .   y - scarf {repulsion}
rCorr    +         Rampage  +   P - +2 pair of gloves
Will     ++...                  j - +0 pair of boots {Fly}
Stlth    +.........             C - amulet "Zoucim" {Rampage Regen+}
HPRegen  2.30/turn              G - ring "Ymabidel" {Will+ rCorr MP+9 SInv}
MPRegen  0.19/turn              p - +6 ring of strength

@: flying, repel missiles
A: no striking features
a: Renounce Religion, Berserk, Trog's Hand, Brothers in Arms


You were on level 2 of the Orcish Mines.
You worshipped Trog.
Trog was exalted by your worship.
You visited 4 branches of the dungeon, and saw 21 of its levels.
You also visited: Sewer, Ossuary, Gauntlet, Ice Cave and Volcano.

You collected 2680 gold pieces.
You spent 222 gold pieces at shops.

Inventory:

Hand Weapons
 E - a +3 broad axe of flaming
 M - the +8 broad axe of the Dwarven Hall (weapon) {vorpal, Fly rF+ Str+3 Int-3 Stlth+}
   (Trog gifted it to you on level 1 of the Orcish Mines)

   It inflicts extra damage upon your enemies.
   Str:       It affects your strength (+3).
   Int:       It affects your intelligence (-3).
   rF:        It protects you from fire.
   Fly:       It grants you flight.
   Stlth:     It makes you more stealthy.
Missiles
 c - 71 poisoned darts (quivered)
 i - 8 silver javelins
 k - 20 boomerangs
 l - 3 curare-tipped darts
 J - 4 throwing nets
 L - 5 silver boomerangs
 X - 8 atropa-tipped darts
Armour
 j - a +0 pair of boots of flying (worn)
 y - a scarf of repulsion (worn)
 z - the +0 buckler of the Untouchables (worn) {Rampage rPois Regen+}
   (You bought it in a shop on level 6 of the Dungeon)

   rPois:     It protects you from poison.
   Regen:     It increases your rate of health regeneration.
   Rampage:   It bestows one free step when moving towards enemies.
 N - a +2 helmet (worn)
 P - a +2 pair of gloves (worn)
 S - a +0 tower shield of protection
 W - a +2 kite shield of cold resistance
 Y - the +3 scale mail of Zomupn (worn) {rElec rF+ Int+3}
   (You found it in a Gauntlet)

   Int:       It affects your intelligence (+3).
   rF:        It protects you from fire.
   rElec:     It insulates you from electricity.
Jewellery
 b - a +6 ring of intelligence
 p - a +6 ring of strength (right hand)
 B - an amulet of reflection
 C - the amulet "Zoucim" (around neck) {Rampage Regen+}
   (You found it in a Gauntlet)

   [amulet of regeneration]

   Regen:     It increases your rate of health regeneration.
   Rampage:   It bestows one free step when moving towards enemies.
 G - the ring "Ymabidel" (left hand) {Will+ rCorr MP+9 SInv}
   (You found it in a Gauntlet)

   [ring of magical power]

   MP:        It affects your magic capacity (+9).
   SInv:      It lets you see invisible.
   rCorr:     It protects you from acid and corrosion.
   Will:      It increases your willpower.
 O - a ring of ice
 Z - an amulet of faith
Wands
 m - a wand of mindburst (30)
 n - a wand of digging (3)
 u - a wand of acid (23)
 x - a wand of flame (50)
 I - a wand of paralysis (13)
 K - a wand of iceblast (23)
 U - a wand of charming (6)
 V - a wand of polymorph (11)
Scrolls
 q - 2 scrolls of fog
 s - 4 scrolls of blinking
 v - a scroll of brand weapon
 w - 7 scrolls of teleportation
 H - 2 scrolls of enchant armour
 R - a scroll of immolation
 T - a scroll of holy word
Potions
 a - 6 potions of heal wounds
 d - 5 potions of lignification
 f - 4 potions of attraction
 g - a potion of cancellation {unknown}
 h - 4 potions of might
 o - a potion of berserk rage {unknown}
 r - 6 potions of resistance
 t - 3 potions of mutation
 A - 3 potions of flight
 D - 2 potions of haste {unknown}
 F - 2 potions of curing
 Q - a potion of ambrosia
Miscellaneous
 e - a condenser vane (inert)


   Skills:
 - Level 11.0 Fighting
 - Level 18.0 Axes
 - Level 3.1 Throwing
 - Level 7.0 Armour
 - Level 2.0 Dodging
 * Level 13.7 Shields
 - Level 5.3 Evocations


You had 15 spell levels left.
You didn't know any spells.
Your spell library was empty.

Dungeon Overview and Level Annotations

Branches:
Dungeon (12/15)            Temple (0/1) D:5            Lair (6/6) D:9
 Shoals (1/4) Lair:2        Snake (0/4) Lair:4        Slime (0/5) Lair:6
    Orc (2/2) D:9             Elf (0/3) Orc:2         Sewer (visited)
Ossuary (visited)           IceCv (visited)         Volcano (visited)
Gauntlet (visited)

Altars:
Cheibriados
Dithmenos
Elyvilon
Fedhas
Hepliaklqana
Makhleb
Wu Jian
Xom
Yredelemnul
Beogh

Shops:
D:2 !   D:4 :   D:6 [   D:7 *   D:9 *

Portals:
Hell: Lair:6


Message History

You slash the orc high priest!
The orc high priest is severely wounded.
You hit the orc knight. You barely miss the chaos spawn.
You hit the orc warrior. The chaos spawn barely misses you.
The orc high priest prays to Beogh.
The orc warrior closely misses you. The orc warrior barely misses you.
The orc high priest calls upon Beogh to heal the orc knight.
The orc knight is healed somewhat.
You block the orc knight's attack.
You hit the orc high priest.
The orc high priest is severely wounded.
You hit the orc knight. You closely miss the chaos spawn.
You slice the orc warrior!!
You kill the orc warrior!
Trog accepts your kill. The chaos spawn closely misses you.
You block the orc warrior's attack.
You closely miss the orc high priest.
The orc high priest is severely wounded.
You hit the orc warrior but do no damage.
You slash the chaos spawn!
You kill the chaos spawn!
The chaos spawn degenerates into a cloud of primal chaos!
You slash the orc knight!
The orc warrior hits you with a +0 short sword!
An orc high priest comes into view. It is wielding a +0 war axe.
You closely miss the orc knight.
The orc knight is heavily wounded.
You closely miss the orc warrior.
The orc high priest shouts!
You slice the orc high priest!!
You kill the orc high priest!
Trog accepts your kill.
You closely miss the orc knight.
An orc high priest comes into view. It is wielding a +0 glaive.
The orc warrior hits you from afar with a +0 trident of flaming.
An orc warrior comes into view. It is wielding a +0 war axe.
The orc warrior closely misses you.
The orc knight hits you with a +0 war axe!!
* * * LOW HITPOINT WARNING * * *
The orc knight hits you with a +1 battleaxe of flaming!!!
You die...

.....## ###....(....
........## ##.......((..
.........###..........()
o#.#.#.#.#.#.#.#.#.#.#.#
oo...................))(
........#.#..)......).)
....oo..).).....).....)
.#.#o#o#.#.#.#.#.#.#.#.#
..o..3o@.###...........)
.....oo§## ##.....).....
......### ###.........
....## ###.....## ###
####### ##########
#############
##.#...#..###.....##....# #
#..........##....###....####
##........###..#..###....#..


You could see 2 orc knights, 3 orc high priests, a sun demon (summoned), 5 orc
warriors and an orc (strong).

Vanquished Creatures
  Jorgrun (D:12)
  Gastronok (Lair:2)
  A minotaur (Gauntlet)
  A great orb of eyes (Gauntlet)
  8 hydras
  Harold (D:7)
  2 boulder beetles
  A catoblepas (Gauntlet)
  3 two-headed ogres
  2 orc high priests (Orc:2)
  5 death yaks (Lair:5)
  A sixfirhy (Lair:6)
  A necromancer (Lair:2)
  Pikel (D:6)
  6 orc knights (Orc:2)
  A wizard (Lair:6)
  A cyclops (D:12)
  2 orc sorcerers
  4 ugly things
  A manticore (D:9)
  5 elephants (Lair:5)
  4 black mambas
  An eye of devastation (Lair:6)
  12 cane toads
  3 gargoyles
  A smoke demon (Volcano)
  A molten gargoyle (Volcano)
  7 torpor snails
  3 orange demons (Lair:6)
  Maggie (Lair:2)
  6 rime drakes
  9 komodo dragons
  2 unseen horrors (D:11)
  A hellwing (Lair:6)
  A kobold demonologist (D:9)
  3 red devils
  3 ice devils
  5 trolls
  2 polar bears
  Grinder (D:6)
  5 blink frogs (Lair:6)
  5 slime creatures (D:11)
  6 dream sheep (Lair:5)
  2 centaur simulacra (Gauntlet)
  63 yaks
  A shadow (D:12)
  Sigmund (D:2)
  8 fire bats (Volcano)
  9 wyverns
  4 basilisks
  A wraith (D:9)
  3 vampire mosquitoes (D:11)
  A steam dragon (D:8)
  Menkaure (D:7)
  A death yak simulacrum (IceCv)
  6 wargs
  Edmund (D:6)
  A harpy simulacrum (IceCv)
  4 nagas
  7 hell hounds
  A floating eye (Lair:6)
  17 water moccasins
  Duvessa (D:7)
  23 orc warriors
  3 sky beasts
  4 ice beasts
  4 ogres
  2 necrophages
  21 wolves
  A lemure (D:6)
  3 kobold brigands
  2 phantoms (D:6)
  A gnoll sergeant (D:10)
  4 scorpions
  14 bullfrogs
  2 cane toad simulacra (IceCv)
  2 wyvern zombies (D:8)
  A water moccasin zombie (D:6)
  Dowan (D:7)
  17 wights
  3 howler monkeys
  6 lava snakes (Volcano)
  2 centaur zombies (Ossuary)
  A wyvern simulacrum (Gauntlet)
  4 hounds
  31 orc priests
  A gnoll shaman (D:9)
  2 jellies (D:5)
  A centaur skeleton (D:6)
  Jessica (D:2)
  4 iguanas
  Ijyb (D:3)
  Terence (D:2)
  23 orc wizards
  2 polar bear simulacra (Lair:2)
  2 yak simulacra (Lair:2)
  6 wolf simulacra
  4 hound zombies (Ossuary)
  A hound skeleton (D:4)
  3 mummies (Ossuary)
  A howler monkey zombie (D:10)
  8 gnolls
  4 river rats (Sewer)
  6 adders
  A shadow imp (D:6)
  A white imp (D:5)
  5 ufetubi
  4 adder zombies (Ossuary)
  6 worms
  A dart slug (D:4)
  98 orcs
  7 bats
  5 endoplasms
  5 giant cockroaches
  3 gnoll zombies (Ossuary)
  10 goblins
  17 hobgoblins
  4 jackals
  5 quokkas
  7 ball pythons
  13 frilled lizards
  2 goblin zombies (Ossuary)
  4 hobgoblin zombies (Ossuary)
  5 jackal zombies (Ossuary)
  20 kobolds
  4 kobold zombies (Ossuary)
  2 orc zombies (Ossuary)
  2 quokka zombies (Ossuary)
  16 rats
  3 rat zombies (Ossuary)
  2 river rat simulacra (Lair:2)
  A spectral hobgoblin (D:5)
740 creatures vanquished.

Vanquished Creatures (collateral kills)
  A black mamba (Lair:5)
  A cane toad (Lair:3)
  4 dream sheep (Lair:5)
  A yak (Lair:3)
7 creatures vanquished.

Vanquished Creatures (others)
  A bullfrog (Lair:4)
  26 fungi
  18 plants
45 creatures vanquished.

Grand Total: 792 creatures vanquished

Notes
Turn   | Place    | Note
-------+----------+-------------------------------------------
     0 | D:1      | Froggeryz the Human Berserker began the quest for the Orb.
     0 | D:1      | Reached XP level 1. HP: 18/18 MP: 1/1
   257 | D:1      | Reached XP level 2. HP: 24/24 MP: 2/2
  1348 | D:2      | Noticed Jessica
  1352 | D:2      | Killed Jessica
  1353 | D:2      | Reached skill level 4 in Axes
  1353 | D:2      | Reached XP level 3. HP: 21/29 MP: 3/3
  1467 | D:2      | Reached XP level 4. HP: 34/35 MP: 4/4
  1616 | D:2      | Found Hipyess's Distillery.
  1728 | D:2      | Noticed Sigmund
  1737 | D:2      | Killed Sigmund
  1738 | D:2      | Reached skill level 5 in Axes
  1738 | D:2      | Reached XP level 5. HP: 41/41 MP: 5/5
  1738 | D:2      | Reached XP level 6. HP: 47/47 MP: 6/6
  1838 | D:2      | Reached ** piety under Trog
  1929 | D:2      | Noticed Terence
  1945 | D:2      | Killed Terence
  2524 | D:3      | Found a faded altar of an unknown god.
  2608 | D:3      | Found an ornate altar of the Wu Jian Council.
  2611 | D:3      | Found a shadowy altar of Dithmenos.
  2691 | D:3      | Reached skill level 6 in Axes
  2956 | D:3      | Noticed Ijyb
  2967 | D:3      | Killed Ijyb
  3046 | D:3      | Reached XP level 7. HP: 36/52 MP: 7/7
  3369 | D:3      | Reached *** piety under Trog
  3545 | D:4      | Reached skill level 7 in Axes
  3683 | D:4      | Found a white marble altar of Elyvilon.
  3696 | D:4      | Found a glowing drain.
  3721 | Sewer    | Entered a sewer
  3868 | Sewer    | Reached skill level 5 in Armour
  3942 | Sewer    | Reached XP level 8. HP: 39/58 MP: 8/8
  4120 | Sewer    | Reached **** piety under Trog
  4437 | D:4      | Found a shimmering altar of Xom.
  4812 | D:4      | You fall into a shaft and drop 3 floors!
  4844 | D:7      | Noticed Duvessa
  4844 | D:7      | Noticed Dowan
  4859 | D:7      | Killed Duvessa
  4865 | D:7      | Killed Dowan
  4866 | D:7      | Reached skill level 8 in Axes
  4941 | D:7      | Noticed Menkaure
  4951 | D:7      | Killed Menkaure
  5238 | D:7      | Reached skill level 9 in Axes
  5243 | D:7      | Reached XP level 9. HP: 63/63 MP: 9/9
  5286 | D:6      | Found a sand-covered staircase.
  5304 | D:6      | Noticed Grinder
  5315 | D:6      | Killed Grinder
  5375 | Ossuary  | Entered an ossuary
  5573 | Ossuary  | Reached ***** piety under Trog
  5650 | Ossuary  | Reached skill level 10 in Axes
  5817 | D:6      | Reached skill level 1 in Throwing
  6086 | D:6      | Noticed Pikel
  6087 | D:6      | Found Sical's Antique Armour Emporium.
  6102 | D:6      | Killed Pikel
  6103 | D:6      | Reached skill level 11 in Axes
  6103 | D:6      | Reached XP level 10. HP: 42/70 MP: 10/10
  6109 | D:6      | Bought an ichor-stained buckler for 190 gold pieces
  6109 | D:6      | Identified the +0 buckler of the Untouchables {Rampage
                  | rPois Regen+} (You bought it in a shop on level 6 of the
                  | Dungeon)
  6436 | D:6      | Reached skill level 1 in Shields
  6681 | D:6      | Noticed Edmund
  6688 | D:6      | Killed Edmund
  7144 | D:5      | Entered Level 5 of the Dungeon
  7165 | D:5      | Found a staircase to the Ecumenical Temple.
  7310 | D:5      | Found a hazy altar of Hepliaklqana.
  7324 | D:5      | Found a basalt altar of Yredelemnul.
  7453 | D:5      | Found a blossoming altar of Fedhas.
  7997 | D:4      | Found Hahorukli's Book Boutique.
  8407 | D:7      | Reached skill level 5 in Shields
  8477 | D:7      | Noticed Harold
  8508 | D:7      | Killed Harold
  8509 | D:7      | Reached skill level 12 in Axes
  8959 | D:7      | Found Pokh's Serpentskin Sales.
  9124 | D:8      | Reached XP level 11. HP: 38/78 MP: 11/11
  9365 | D:8      | Reached skill level 5 in Fighting
  9447 | D:8      | Noticed a two-headed ogre
  9455 | D:8      | Killed a two-headed ogre
  9456 | D:8      | Reached skill level 13 in Axes
 10039 | D:9      | Noticed a manticore
 10052 | D:9      | Killed a manticore
 10129 | D:9      | Found Inuiqoir's General Store.
 10150 | D:9      | Bought a scroll of identify for 32 gold pieces
 10169 | D:9      | Found a staircase to the Orcish Mines.
 10530 | D:9      | Found a staircase to the Lair.
 10539 | D:9      | Received a gift from Trog
 10578 | D:9      | You fall into a shaft and drop 3 floors!
 10578 | D:12     | Noticed a boulder beetle
 10692 | D:12     | Killed a boulder beetle
 10741 | D:12     | Noticed a cyclops
 10757 | D:12     | Killed a cyclops
 10776 | D:12     | Noticed a seven-headed hydra
 10788 | D:12     | Killed a one-headed hydra
 10789 | D:12     | Reached skill level 14 in Axes
 10861 | D:12     | Noticed a two-headed ogre
 10868 | D:12     | Killed a two-headed ogre
 10869 | D:12     | Reached XP level 12. HP: 91/91 MP: 12/12
 10934 | D:12     | Noticed Jorgrun
 10962 | D:12     | Killed Jorgrun
 10980 | D:12     | Identified a scroll of acquirement
 10980 | D:12     | Acquired a +0 pair of boots of flying
 11045 | D:11     | You are sucked into a shaft and drop 1 floor!
 11337 | D:11     | Reached skill level 15 in Axes
 11435 | D:11     | Noticed a boulder beetle
 11461 | D:11     | Killed a boulder beetle
 11634 | D:10     | Entered Level 10 of the Dungeon
 11792 | D:10     | Received a gift from Trog
 11843 | D:10     | Reached ****** piety under Trog
 12069 | D:10     | Noticed a two-headed ogre
 12080 | D:10     | Killed a two-headed ogre
 12081 | D:10     | Reached XP level 13. HP: 75/101 MP: 13/13
 12677 | Lair:1   | Entered Level 1 of the Lair of Beasts
 12777 | Lair:1   | Reached skill level 16 in Axes
 13424 | Lair:2   | Noticed Gastronok
 13436 | Lair:2   | Killed Gastronok
 13437 | Lair:2   | Reached skill level 10 in Fighting
 13580 | Lair:2   | Found a staircase to the Shoals.
 13720 | Lair:2   | Noticed Maggie
 13740 | Lair:2   | Killed Maggie
 13904 | Lair:2   | Reached skill level 17 in Axes
 14297 | Shoals:1 | Entered Level 1 of the Shoals
 14398 | Lair:3   | Received a gift from Trog
 14549 | Lair:3   | Found a frozen archway.
 14583 | IceCv    | Entered an ice cave
 14598 | IceCv    | Reached XP level 14. HP: 111/111 MP: 14/14
 14642 | IceCv    | Found a transporter.
 14652 | IceCv    | Found a transporter.
 14877 | Lair:3   | Found a snail-covered altar of Cheibriados.
 15424 | Lair:4   | Found a staircase to the Snake Pit.
 15622 | Lair:4   | Found a dark tunnel.
 15649 | Volcano  | Entered a volcano
 15835 | Volcano  | Found a burning altar of Makhleb.
 15848 | Volcano  | Reached skill level 18 in Axes
 16063 | Lair:4   | Reached skill level 1 in Evocations
 16658 | Lair:5   | Identified the +9 hand axe of Fee Simple {antimagic,
                  | Fragile Fly Str+6 SInv} (Trog gifted it to you on level 5
                  | of the Lair of Beasts)
 16658 | Lair:5   | Received a gift from Trog
 16870 | Lair:5   | Reached XP level 15. HP: 84/118 MP: 15/15
 17014 | Lair:5   | Reached skill level 10 in Shields
 17037 | Lair:5   | Found a gate leading to a gauntlet.
 17042 | Gauntlet | Entered a Gauntlet
 17042 | Gauntlet | Found a transporter.
 17042 | Gauntlet | Found a transporter.
 17054 | Gauntlet | Found a transporter.
 17057 | Gauntlet | Found a transporter.
 17069 | Gauntlet | Found a transporter.
 17077 | Gauntlet | Found a transporter.
 17098 | Gauntlet | Found a transporter.
 17116 | Gauntlet | Found a transporter.
 17120 | Gauntlet | Found a transporter.
 17128 | Gauntlet | Found a transporter.
 17132 | Gauntlet | Found a transporter.
 17224 | Gauntlet | Found a transporter.
 17240 | Gauntlet | Reached skill level 5 in Evocations
 17247 | Gauntlet | Identified the amulet "Zoucim" {Rampage Regen+}
 17300 | Gauntlet | Identified the ring "Ymabidel" {Will+ rCorr MP+9 SInv}
 17362 | Gauntlet | Identified the +7 ring mail "Roinlad" {+Inv rC+ MP+9 Str+4
                  | Int+3}
 17363 | Gauntlet | Found the +4 robe of Augmentation {Str+4 Int+4 Dex+4}
 17409 | Gauntlet | Identified the +3 scale mail of Zomupn {rElec rF+ Int+3}
 17911 | Lair:6   | Entered Level 6 of the Lair of Beasts
 17980 | Lair:6   | Received a gift from Trog
 18173 | Lair:6   | Found a burning altar of Makhleb.
 18320 | Lair:6   | Found a gateway to Hell.
 18472 | Lair:6   | Found a staircase to the Slime Pits.
 18473 | Lair:6   | Paralysed by a floating eye for 3 turns
 19201 | Orc:1    | Entered Level 1 of the Orcish Mines
 19390 | Orc:1    | Identified the +8 broad axe of the Dwarven Hall {vorpal,
                  | Fly rF+ Str+3 Int-3 Stlth+} (Trog gifted it to you on level
                  | 1 of the Orcish Mines)
 19390 | Orc:1    | Received a gift from Trog
 19611 | Orc:2    | Entered Level 2 of the Orcish Mines
 19625 | Orc:2    | Found a staircase to the Elven Halls.
 19952 | Orc:2    | Received a gift from Trog
 19960 | Orc:2    | Reached XP level 16. HP: 111/125 MP: 16/16
 20018 | Orc:2    | Mangled by an orc knight

Illustrated notes

Levels and vault maps discovered:
D:1:      minmay_arrival_doors, layout_basic, moated_statue, hex_tiny
D:2:      layout_loops_cross, serial_shops, shop_statue, minmay_divided_ellipse,
          uniq_jessica, uniq_terence, uniq_sigmund
D:3:      cheibrodos_greedy_goblins, layout_loops_ring,
          nicolae_overflow_hidden_temple, shapermc_ecumenical_altar_venn,
          uniq_ijyb
D:4:      layout_gridville, mainiacjoe_overflow_six_doors_small, tgw_xom,
          serial_shops, kennysheep_mini, serial_rivers,
          chequers_serial_rivers_micro_b, chequers_serial_rivers_large_b,
          chequers_serial_rivers_small_a, chequers_serial_rivers_micro_d,
          cheibrodos_sewer_entry_bend, grunt_ministairs_2, minmay_bent
D:5:      layout_basic, nicolae_hepliaklqana_monster_ancestors,
          general_overflow_altar, yredelemnul_altar_generic,
          minmay_temple_entry_large_hall, skrybe_limestone_x
D:6:      wad_river_or_something, layout_basic,
          nicolae_ossuary_entry_false_entrances, serial_shops, shop, uniq_pikel,
          uniq_grinder, uniq_edmund
D:7:      layout_basic, guppyfry_shop_venom, uniq_harold, uniq_duvessa,
          uniq_menkaure
D:8:      layout_basic, serial_corexii_hall, chequers_hall_statues_y,
          chequers_hall_statues_corner_a, grunt_ministairs_5
D:9:      layout_basic, erik_lair_orcish_takeover,
          minmay_orc_entry_temple_small, serial_shops, shop_statue
D:10:     layout_basic, grunt_qazlal_sundering, uniq_fannar
D:11:     layout_basic, nicolae_trove_entry_diagonal
D:12:     layout_cave_pools, uniq_jorgrun
Lair:1:   layout_loops_ring, serial_bayou_pond_e, grunt_megastairs_3,
          lemuel_fruit_fields
Lair:2:   layout_hall_layers, shoals_dummy_entry, eino_house_with_fridge,
          uniq_gastronok, uniq_maggie
Lair:3:   layout_loops_ring, portal_ice_cave_demonic_guard,
          kennysheep_snail_temple
Lair:4:   layout_loops_ring, minmay_snake_entry_guardpost_small,
          nicolae_volcano_entry_two_sided, lemuel_old_faithful,
          serial_bayou_shore_b, infiniplex_staircase_pool_2
Lair:5:   layout_hall_layers, gauntlet_entry_generic
Lair:6:   evil_forest, layout_regular_city, minmay_slime_entry_eyes
Shoals:1: layout_shoals
Orc:1:    layout_caves
Orc:2:    st_orc_pillars, layout_caves, mines2_david

Skill      XL: |  1  2  3  4  5  6  7  8  9 10 11 12 13 14 15 |
---------------+----------------------------------------------+-----
Axes           | 4 5 6 7 9 11 12 14 15 17 18 | 18.0
Armour         | 3 4 5 6 7 |  7.0
Throwing       | 3 |  3.1
Shields        | 5 9 13 | 13.7
Fighting       | 4 7 9 10 11 | 11.0
Evocations     | 4 5 |  5.3
Dodging        | |  2.0

Action                   |  1- 3 |  4- 6 |  7- 9 | 10-12 | 13-15 | 16-18 || total
-------------------------+-------+-------+-------+-------+-------+-------++-------
Melee: Hand axe          |    72 |   150 |   425 |   662 |     4 |       ||  1313
       War axe           |       |       |       |    38 |   468 |       ||   506
       Broad axe         |       |       |       |       |   600 |    26 ||   626
Throw: Dart              |       |       |       |     7 |    18 |       ||    25
Invok: Berserk           |       |     4 |     6 |    14 |     8 |       ||    32
       Trog's Hand       |       |       |     1 |     2 |    10 |       ||    13
       Brothers in Arms  |       |       |       |       |     2 |       ||     2
Evoke: Wand              |       |       |       |     1 |     3 |       ||     4
       Condenser vane    |       |       |       |       |     1 |       ||     1
  Use: Scroll            |       |     2 |     6 |    13 |    16 |       ||    37
       Potion            |       |       |       |       |     2 |       ||     2
 Stab: Fleeing           |       |       |       |       |     1 |       ||     1
Armor: Animal skin       |    12 |       |       |       |       |       ||    12
       Ring mail         |    15 |    19 |       |       |       |       ||    34
       Chain mail        |       |    62 |   210 |   246 |   221 |       ||   739
       Scale mail        |       |       |       |       |   101 |     1 ||   102
Dodge: Dodged            |    55 |    69 |   141 |   118 |   297 |     9 ||   689
       Repelled          |       |       |       |       |     2 |       ||     2
Block: Other             |       |       |    15 |    16 |       |       ||    31
       Buckler           |       |       |       |   196 |   373 |     5 ||   574
       Reflection        |       |       |       |     5 |     1 |       ||     6

Table legend: (Time is in decaauts)
 A = Elapsed time spent in this place.
 B = Non-inter-level travel time spent in this place.
 C = Inter-level travel time spent in this place.
 D = Time resting spent in this place.
 E = Time spent auto-exploring this place.
 F = Levels seen in this place.
 G = Mean time per level.
                   A        B        C        D        E       F      G
               +--------+--------+--------+--------+--------+-----+--------+
         Total |  19844 |  19226 |    618 |   1861 |  12872 |  26 |  763.2 |
       Dungeon |  11816 |  11380 |    436 |   1288 |   7871 |  12 |  984.7 |
          Lair |   5457 |   5282 |    175 |    272 |   3769 |   6 |  909.5 |
        Shoals |      1 |      1 |      0 |      0 |      0 |   1 |    1.0 |
  Orcish Mines |    767 |    761 |      6 |      0 |    534 |   2 |  383.5 |
         Sewer |    626 |    626 |      0 |     83 |    380 |   1 |  626.0 |
       Ossuary |    312 |    312 |      0 |      0 |    172 |   1 |  312.0 |
      Ice Cave |     97 |     97 |      0 |     49 |      0 |   1 |   97.0 |
       Volcano |    388 |    388 |      0 |     77 |     20 |   1 |  388.0 |
      Gauntlet |    375 |    375 |      0 |     91 |    124 |   1 |  375.0 |
               +--------+--------+--------+--------+--------+-----+--------+

Top non-repeatable levels by time:
     D:6: 1558 daAuts
     D:1: 1355 daAuts
     D:4: 1282 daAuts
     D:2: 1164 daAuts
     D:7: 1142 daAuts
  Lair:3: 1136 daAuts
     D:9: 1134 daAuts
  Lair:6: 1121 daAuts
     D:3: 1034 daAuts
     D:8: 949 daAuts
  Lair:5: 884 daAuts
  Lair:1: 869 daAuts
  Lair:2: 797 daAuts
    D:11: 762 daAuts
     D:5: 666 daAuts
